 Dungeon Crawl Stone Soup version 0.31-a0-237-g2d982f9f85 (webtiles) character file.

Game seed: 15919084818043465383

310 qw the Shooter (level 6, -2/51 HPs)
             Began as a Minotaur Hexslinger on July 11, 2023.
             Was an Initiate of Okawaru.
             Shot with an arrow by a centaur (11 damage)
             ... on level 5 of the Dungeon.
             The game lasted 00:01:24 (3467 turns).

qw the Shooter (Minotaur Hexslinger)                Turns: 3467, Time: 00:01:24

Health: -2/51      AC:  9    Str: 13    XL:     6   Next: 17%
Magic:  5/6        EV: 11    Int: 10    God:    Okawaru [......]
Gold:   222        SH:  0    Dex: 14    Spells: 6/7 levels left

rFire   . . .        Y - +1 sling
rCold   . . .        (no shield)
rNeg    . . .        f - +0 ring mail
rPois   .            (helmet restricted)
rElec   .            (no cloak)
rCorr   .            (no gloves)
SInv    +            (no boots)
Will    .....        i - amulet of faith
Stlth   +            g - ring of see invisible
HPRegen 0.28/turn    c - +4 ring of protection
MPRegen 0.10/turn

%: faith
@: no status effects
A: horns 2, retaliatory headbutt
a: Renounce Religion


You were on level 5 of the Dungeon.
You worshipped Okawaru.
Okawaru was noncommittal.
You visited 2 branches of the dungeon, and saw 6 of its levels.

You collected 222 gold pieces.


Innate Abilities, Weirdness & Mutations

You have a pair of horns on your head.
You reflexively headbutt those who attack you in melee.


   Skills:
 + Level 3.5 Fighting
 - Level 6.3 Ranged Weapons
 - Level 1.0 Armour
 - Level 2.1 Dodging
 - Level 1.0 Spellcasting
 - Level 2.0 Hexes
 - Level 0.1 Invocations


You had 6 spell levels left.
You knew the following spells:

 Your Spells              Type           Power      Damage    Failure   Level
a - Slow                  Hex            16%        N/A       32%         1

Your spell library contained the following spells:

 Spells                   Type           Power      Damage    Failure   Level
 Inner Flame              Hex/Fire       2%         N/A       82%         3
 Portal Projectile        Hex/Tloc       4%         N/A       82%         3
 Cause Fear               Hex            2%         N/A       97%         4

Inventory:

Hand Weapons
 Y - a +1 sling (weapon)
Armour
 f - a +0 ring mail (worn)
Jewellery
 c - a +4 ring of protection (right hand)
 g - a ring of see invisible (left hand)
 i - an amulet of faith (around neck)
Scrolls
 j - a scroll of torment {unknown}
Potions
 a - 2 potions of curing
 d - 2 potions of enlightenment
 e - a potion of heal wounds {unknown}
 h - a potion of cancellation {unknown}

Dungeon Overview and Level Annotations

Branches:
Dungeon (5/15)             Temple (1/1) D:4

Altars:
Ashenzari
Dithmenos
Elyvilon
Gozag
Kikubaaqudgha
Okawaru
Qazlal
Ru
Xom
Zin


Message History

You shoot a sling bullet. The sling bullet hits the centaur.
The centaur is severely wounded.
The centaur shoots an arrow.
The arrow hits you.
You shoot a sling bullet. The sling bullet hits the centaur.
The centaur is severely wounded.
The centaur shoots an arrow.
The arrow barely misses you.
The centaur shoots an arrow.
The arrow hits you!
3439 ||| READING scroll of teleportation.
As you read the scroll of teleportation, it crumbles to dust.
You feel strangely unstable.
A scorpion comes into view.
The centaur shoots an arrow.
The arrow hits you but does no damage.
You shoot a sling bullet.
The sling bullet hits the centaur but does no damage.
The centaur is severely wounded.
The centaur shoots an arrow.
The arrow barely misses you.
The centaur shoots an arrow.
The arrow misses you.
You shoot a sling bullet. The sling bullet hits the centaur.
The centaur is almost dead.
The centaur shoots an arrow.
The arrow hits you.
You shoot a sling bullet.
The sling bullet barely misses the centaur.
The sling bullet hits the scorpion!
The scorpion is severely wounded.
You feel like a meek peon again.
The centaur shoots an arrow.
The arrow barely misses you.
3443 ||| INVOKING Heroism.
You gain the combat prowess of a mighty hero.
You can no longer gain great but temporary skills.
Your surroundings suddenly seem different.
You start resting.
You feel like a meek peon again.
A centaur is nearby!
You shoot a sling bullet. The centaur shouts!
The sling bullet hits the centaur but does no damage.
The centaur is almost dead.
The centaur shoots an arrow.
The arrow completely misses you.
The centaur shoots an arrow.
The arrow hits you!
You die...

###...# ## ###
.....# .# #..
....# .### #.# #
#.... ...###.#
#.#...# ....##.#
#.#...#
....##.#####.....#
....##...c...?..@#
...#..:.#######..#
........#######..#
#.##........<....#
#.####.########..#
#.# #...........#
#.# #.########.##
#.# #.# #.# #.#
#.# #.#


You could see a centaur.

Vanquished Creatures
  A phantom (D:4)
  A jelly (D:4)
  A sleepcap (D:4)
  7 adders
  2 ufetubi
  2 worms
  A dart slug (D:3)
  3 orcs (D:4)
  4 ball pythons
  12 endoplasms
  5 giant cockroaches
  12 hobgoblins
  11 jackals
  10 kobolds
  6 quokkas
  3 bats
  2 frilled lizards (D:1)
  5 goblins
  4 rats
92 creatures vanquished.

Notes
Turn   | Place    | Note
-------+----------+-------------------------------------------
     0 | D:1      | qw the Minotaur Hexslinger began the quest for the Orb.
     0 | D:1      | Reached XP level 1. HP: 16/16 MP: 1/1
     0 | D:1      | 0 ||| qw: Version: 0.3-a-52-g30416fa
     0 | D:1      | 0 ||| qw: Game counter: 5693
     0 | D:1      | 0 ||| qw: Melee chars always use a shield: true
     0 | D:1      | 0 ||| qw: God list: Okawaru
     0 | D:1      | 0 ||| qw: Allow faded altars: false
     0 | D:1      | 0 ||| qw: Do Orc after clearing Dungeon:15 true
     0 | D:1      | 0 ||| qw: Do second Lair branch before Depths: true
     0 | D:1      | 0 ||| qw: Lair rune preference: random
     0 | D:1      | 0 ||| qw: Goals: Normal
     0 | D:1      | 0 ||| PLANNING D:1-11
   268 | D:1      | Reached skill level 3 in Ranged Weapons
   268 | D:1      | Reached XP level 2. HP: 23/23 MP: 2/2
   546 | D:1      | Reached XP level 3. HP: 29/29 MP: 3/3
   895 | D:1      | Reached skill level 4 in Ranged Weapons
  1026 | D:1      | 1026 ||| UPGRADING to amulet of faith.
  1031 | D:1      | 1031 ||| READING scroll labelled NAGETE METO.
  1032 | D:1      | 1032 ||| READING scroll labelled XEEWNU JOIPI.
  1033 | D:1      | 1033 ||| READING scroll labelled UGYBBE ZOELISCH.
  1034 | D:1      | 1034 ||| READING scroll labelled VIDYNL BUGAEJ.
  1035 | D:1      | 1035 ||| READING scroll labelled POPAUT SUXOO.
  1036 | D:1      | 1036 ||| DRINKING 2 fuming amethyst potions.
  1037 | D:1      | 1037 ||| DROPPING scroll of poison.
  1038 | D:1      | 1038 ||| DROPPING potion of degeneration.
  1051 | D:2      | Found a faded altar of an unknown god.
  1494 | D:2      | Reached XP level 4. HP: 30/36 MP: 4/4
  1803 | D:2      | 1803 ||| UPGRADING to +0 ring mail.
  1813 | D:2      | 1813 ||| DROPPING +0 robe.
  1814 | D:2      | 1814 ||| UPGRADING to ring of see invisible.
  1815 | D:2      | 1815 ||| DRINKING 2 inky potions.
  1816 | D:2      | 1816 ||| DROPPING potion of attraction.
  1845 | D:3      | 1845 ||| STAIRDANCE
  1984 | D:3      | Reached skill level 1 in Armour
  2080 | D:3      | Reached skill level 5 in Ranged Weapons
  2398 | D:3      | 2398 ||| UPGRADING to +4 ring of protection.
  2399 | D:3      | 2399 ||| READING 2 scrolls labelled AMETUO ATAIWK.
  2400 | D:3      | 2400 ||| READING scroll labelled RADIOR HUTIUGRA.
  2401 | D:3      | 2401 ||| DRINKING 3 coppery potions.
  2402 | D:3      | 2402 ||| DRINKING 2 bubbling yellow potions.
  2403 | D:3      | 2403 ||| DROPPING scroll of fog.
  2450 | D:4      | You are sucked into a shaft and drop 1 floor!
  2450 | D:5      | Entered Level 5 of the Dungeon
  2476 | D:4      | Found a staircase to the Ecumenical Temple.
  2477 | D:4      | 2477 ||| PLANNING TEMPLE
  2485 | Temple   | Entered the Ecumenical Temple
  2639 | Temple   | 2639 ||| PLANNING OKAWARU WORSHIP
  2682 | Temple   | Became a worshipper of Warmaster Okawaru
  2683 | Temple   | 2683 ||| PLANNING D:1-11
  2809 | D:4      | Reached skill level 3 in Fighting
  2809 | D:4      | Reached XP level 5. HP: 45/45 MP: 5/5
  3295 | D:4      | Noticed a phantom
  3309 | D:4      | Killed a phantom
  3309 | D:4      | Reached * piety under Okawaru
  3310 | D:4      | Reached skill level 6 in Ranged Weapons
  3310 | D:4      | Reached XP level 6. HP: 41/51 MP: 6/6
  3365 | D:4      | 3365 ||| READING 2 scrolls labelled NUAJ OTUTZ.
  3423 | D:5      | Found a broken altar of Ashenzari.
  3432 | D:5      | 3432 ||| INVOKING Heroism.
  3438 | D:5      | HP: 7/51 [centaur/arrow (9)]
  3439 | D:5      | 3439 ||| READING scroll of teleportation.
  3441 | D:5      | HP: 1/51 [centaur/arrow (6)]
  3443 | D:5      | 3443 ||| INVOKING Heroism.
  3467 | D:5      | Shot with an arrow by a centaur

Levels and vault maps discovered:
D:1:      minmay_arrival_open_corners, layout_basic
D:2:      layout_loops_ring, nicolae_ecumenical_pavilion
D:3:      layout_rooms, nicolae_eternal_life
D:4:      minmay_spotlight, layout_basic, minmay_temple_entry_antechambers
D:5:      layout_loops_ring, cheibrodos_ashenzari_chains,
          nicolae_overflow_hallway_of_the_gods, uniq_crazy_yiuf_cottage
Temple:   grunt_temple_mini_profane

Skill      XL: |  1  2  3  4  5 |
---------------+----------------+-----
Ranged Weapons | 3 4 5 6 |  6.3
Fighting       | 2 3 |  3.5
Armour         | 1 |  1.0
Dodging        | |  2.1
Spellcasting   | |  1.0
Hexes          | |  2.0
Invocations    | |  0.1

Action                     |  1- 3 |  4- 6 || total
---------------------------+-------+-------++-------
   Fire: Sling             |   146 |   180 ||   326
 Invoke: Heroism           |       |     2 ||     2
    Use: Scroll            |     5 |     4 ||     9
         Potion            |     1 |     3 ||     4
 Armour: Robe              |    12 |     3 ||    15
         Ring mail         |       |    32 ||    32
  Dodge: Dodged            |    50 |    84 ||   134

Table legend:
 A = Non-vault XP
 B = Vault XP
 C = Vault XP percentage of total XP
 D = Non-vault monster count
 E = Vault monster count
 F = Vault count percentage of total count
                 A         B        C        D         E       F
            +---------+---------+-------+---------+---------+-------
      Total |     423 |      20 |   4.5 |      87 |       5 |   5.4
            +---------+---------+-------+---------+---------+-------
        D:1 |      63 |       0 |   0.0 |      36 |       0 |   0.0
        D:2 |      74 |       0 |   0.0 |      20 |       0 |   0.0
        D:3 |      25 |       0 |   0.0 |      13 |       0 |   0.0
        D:4 |     253 |      20 |   7.3 |      17 |       5 |  22.7
        D:5 |       8 |       0 |   0.0 |       1 |       0 |   0.0
            +---------+---------+-------+---------+---------+-------
